Map: King Sejong Station LE

Players

Zanster

  • Race: Zerg Zerg
  • Spawn Location: 11:00

IlIlIlIlIlIl (Naniwa) - Winner!

  • Race: Protoss Protoss
  • League: Grandmaster
  • Spawn Location: 5:00

VOD

Have the link to the VOD?

Description

Time

  • Played on: Sept. 19, 2016, 1:05 p.m.
  • Length: 8:12
Show
View Real Time Build Order
Export as new Build Order

Zanster Zerg 

Build Orders: Hatch First 

Get SALT Encoding   

  12  0:00  Drone  
  13  0:12  Overlord  
  13  0:16  Drone  
  14  0:30  Drone x2  
  14  0:34  Drone  
  17  0:52  Hatchery  
  17  0:55  Drone  
  17  0:58  Drone  
  18  1:09  Extractor  
  17  1:14  Spawning Pool  
  17  1:17  Drone  
  17  1:20  Drone  
  18  1:28  Drone  
  19  1:39  Drone  
  20  1:50  Overlord  
  20  2:01  Queen  
  20  2:04  Queen  
  20  2:05  Zergling x4  
  26  2:09  Metabolic Boost  
  26  2:11  Drone  
  27  2:16  Drone  
  27  2:21  Drone  
  29  2:25  Drone  
  30  2:40  Hatchery  
  30  2:41  Drone  
  30  2:42  Drone  
  31  2:47  Drone  
  32  2:52  Pneumatized Carapace  
  32  2:56  Overlord  
  32  3:04  Queen  
  32  3:05  Drone  
  35  3:07  Drone  
  36  3:15  Zergling x6  
  36  3:17  Drone x2  
  36  3:19  Drone  
  42  3:23  Overlord  
  42  3:25  Drone  
  43  3:27  Drone  
  44  3:34  Overlord  
  44  3:41  Drone  
  44  3:42  Drone x2  
  44  3:46  Queen  
  44  3:48  Extractor  
  48  3:51  Drone x3  
  48  3:52  Drone x2  
  53  3:57  Overlord  
  53  3:58  Drone  
  54  4:03  Lair  
  54  4:07  Spore Crawler  
  53  4:10  Drone  
  53  4:15  Spore Crawler x2  
  53  4:17  Drone x2  
  53  4:18  Drone  
  53  4:19  Drone  
  53  4:21  Drone  
  53  4:23  Drone  
  58  4:30  Baneling Nest, Zergling x4  
  59  4:35  Zergling x6  
  59  4:37  Zergling x4  
  64  4:39  Zergling x2  
  64  4:40  Zergling x2  
  64  4:44  Overlord  
  66  4:50  Zergling x8  
  69  4:58  Zergling x8  
  69  4:59  Overlord  
  68  5:01  Drone x2  
  68  5:06  Evolution Chamber  
  69  5:08  Drone  
  69  5:10  Drone  
  69  5:11  Drone  
  72  5:14  Baneling x6  
  72  5:18  Zergling x2  
  72  5:19  Zergling x6  
  74  5:22  Zergling x8  
  74  5:26  Overlord  
  73  5:37  Zergling x2  
  73  5:38  Zergling x10  
  69  5:45  Zergling x2  
  69  5:47  Centrifical Hooks, Zerg Melee Weapons Level 1  
  62  5:50  Roach Warren  
  62  5:52  Zergling x2  
  62  5:53  Zergling x12  
  62  5:54  Zergling x2  
  65  5:57  Zergling x2  
  65  5:58  Zergling x2  
  65  5:59  Baneling  
  65  6:00  Baneling x2  
  65  6:03  Baneling x3  
  67  6:07  Zergling x6  
  69  6:16  Overseer  
  59  6:26  Zergling x14  
  59  6:28  Drone  
  59  6:29  Drone x4  
  69  6:34  Queen  
  69  6:35  Drone x2  
  73  6:48  Roach x3  
  73  6:52  Extractor  
  73  6:53  Roach x2  
  82  6:56  Roach  
  82  6:59  Overlord  
  84  7:01  Baneling x2  
  84  7:02  Baneling  
  84  7:05  Roach x2, Zergling x4  
  89  7:10  Roach, Zergling x4  
  89  7:12  Zergling x4  
  94  7:16  Overlord  
  94  7:20  Overlord  
  94  7:24  Baneling x4  
  94  7:25  Zergling x2  
  94  7:26  Zergling x2  
  96  7:35  Overlord  
  93  7:38  Roach, Zergling x6  
  95  7:48  Baneling x4  
  93  7:52  Roach, Zergling x4  
  93  7:56  Hatchery  
Show
View Real Time Build Order
Export as new Build Order

IlIlIlIlIlIl Protoss - Winner!

Build Orders: Nexus First, Zealot Archon, Archon Drop, Dark Templar Rush 

Get SALT Encoding   

  12  0:01  Probe (Chrono Boost)  
  13  0:11  Probe (Chrono Boost)  
  14  0:18  Pylon  
  14  0:22  Probe (Chrono Boost)  
  15  0:36  Probe (Chrono Boost)  
  16  0:47  Probe (Chrono Boost)  
  17  0:58  Nexus  
  17  1:08  Gateway  
  17  1:12  Probe (Chrono Boost)  
  17  1:17  Assimilator  
  18  1:22  Probe (Chrono Boost)  
  19  1:25  Assimilator  
  19  1:33  Probe (Chrono Boost)  
  19  1:38  Pylon  
  20  1:43  Probe (Chrono Boost)  
  21  1:54  Probe (Chrono Boost)  
  22  1:57  Cybernetics Core  
  22  2:04  Probe (Chrono Boost)  
  23  2:10  Probe (Chrono Boost)  
  23  2:15  Probe (Chrono Boost)  
  25  2:20  Probe (Chrono Boost)  
  26  2:25  Probe (Chrono Boost)  
  27  2:30  Warp Gate  
  27  2:31  Probe (Chrono Boost)  
  27  2:32  Adept (Chrono Boost)  
  30  2:40  Probe (Chrono Boost), Twilight Council  
  30  2:42  Probe (Chrono Boost)  
  32  2:52  Probe x2 (Chrono Boost)  
  32  2:57  Robotics Facility  
  33  3:03  Probe x2 (Chrono Boost)  
  35  3:14  Probe x2 (Chrono Boost)  
  35  3:17  Dark Shrine  
  37  3:25  Probe x2 (Chrono Boost)  
  39  3:32  Gateway x2  
  39  3:37  Gateway  
  39  3:40  Probe x2 (Chrono Boost)  
  41  3:44  Assimilator  
  41  3:47  Warp Prism (Chrono Boost)  
  43  3:51  Pylon  
  43  3:54  Probe  
  43  3:55  Probe  
  45  3:58  Assimilator  
  45  4:02  Pylon  
  45  4:07  Probe  
  48  4:10  Mothership Core (Chrono Boost)  
  48  4:19  Probe (Chrono Boost)  
  48  4:23  Pylon  
  49  4:30  Probe (Chrono Boost)  
  49  4:31  Probe (Chrono Boost)  
  51  4:36  Dark Templar x4  
  59  4:43  Pylon  
  59  4:50  Nexus  
  59  4:54  Pylon  
  59  5:10  Adept x3  
  59  5:11  Archon  
  59  5:12  Adept, Archon  
  69  5:14  Resonating Glaives (Chrono Boost)  
  69  5:16  Immortal  
  71  5:34  Adept x4  
  69  5:52  Gateway  
  69  5:53  Gateway  
  69  5:59  Gateway  
  69  6:00  Adept x3  
  69  6:01  Gateway  
  69  6:02  Adept  
  77  6:06  Immortal  
  67  6:27  Adept x2  
  67  6:28  Adept x2  
  67  6:29  Probe  
  67  6:30  Probe x2  
  74  6:42  Probe, Pylon  
  75  6:57  Dark Templar x4  
  75  6:59  Dark Templar x2  
  87  7:01  Archon  
  87  7:02  Archon  
  87  7:04  Adept, Archon  
  87  7:05  Adept  
  87  7:08  Pylon  
  91  7:10  Pylon  
  91  7:11  Observer  
  92  7:31  Adept x6  
  92  7:36  Adept x2  
  99  7:54  Adept  
  99  7:55  Adept x4  
  99  7:58  Adept  
  105  8:02  Adept  
  105  8:04  Adept  
Tags
 
Add a new tag
Caveats
  • Supply blocks, unpowered buildings, or Contaminate may cause inaccurate times.
  • Supply counts are checked every 10 seconds.